 Dungeon Crawl Stone Soup version 0.29.1-13-g9f3cf754e1 (webtiles) character file.

Game seed: 16084986273149898509

19 JohnSpartan the Ruffian (level 2, 0/23 HPs)
             Began as a Draconian Transmuter on Jan 31, 2023.
             Slain by Terence
             ... wielding a +1 morningstar of protection
              (5 damage)
             ... on level 2 of the Dungeon.
             The game lasted 00:12:34 (797 turns).

JohnSpartan the Ruffian (Draconian Transmuter)       Turns: 797, Time: 00:12:35

Health: 0/23       AC:  4    Str: 14    XL:     2   Next: 55%
Magic:  5/5        EV: 12    Int: 13    God:
Gold:   36         SH:  0    Dex: 11    Spells: 4/5 levels left

rFire   . . .      SeeInvis .   d - +0 double sword of Sloth {vorpal, rN+ Str+2}
rCold   . . .      Faith    .   (no shield)
rNeg    + . .      Spirit   .   (body armour unavailable)
rPois   .          Reflect  .   (helmet restricted)
rElec   .          Harm     .   (no cloak)
rCorr   .          Rampage  .   (no gloves)
Will    .....                   (no boots)
Stlth   +.........              (no amulet)
HPRegen 0.07/turn               (no ring)
MPRegen 0.09/turn               (no ring)

@: no status effects
A: AC +4, unfitting armour, cold-blooded
a: no special abilities


You were on level 2 of the Dungeon.
You visited 1 branch of the dungeon, and saw 2 of its levels.

You collected 36 gold pieces.

Inventory:

Hand Weapons
 d - the +0 double sword of Sloth (weapon) {vorpal, rN+ Str+2}
   (You acquired it on level 2 of the Dungeon)

   It inflicts extra damage upon your enemies.
   Str:       It affects your strength (+2).
   rN:        It protects you from negative energy.
Armour
 b - a +0 robe
Jewellery
 e - an amulet of the acrobat
Scrolls
 f - a scroll of noise {unknown}
Potions
 a - a potion of lignification
 c - a potion of resistance
 g - a potion of curing {unknown}


   Skills:
 + Level 1.5 Fighting
 + Level 0.0 Long Blades
 + Level 2.0 Dodging
 + Level 3.2 Unarmed Combat
 + Level 2.2 Spellcasting
 + Level 2.2 Transmutations


You had 4 spell levels left.
You knew the following spells:

 Your Spells              Type           Power      Damage    Failure   Level
a - Beastly Appendage     Tmut           14%        N/A       10%         1

Your spell library contained the following spells:

 Spells                   Type           Power      Damage    Failure   Level
 Wereblood                Tmut           7%         N/A       14%         2
 Spider Form              Tmut/Pois      4%         N/A       43%         3
 Ice Form                 Ice/Tmut       4%         N/A       83%         4


Dungeon Overview and Level Annotations

Branches:
Dungeon (2/15)

Altars:

Annotations:
D:2 Terence


Innate Abilities, Weirdness & Mutations

Your plain brown scales are hard. (AC +4)
You cannot fit into any form of body armour.
You are cold-blooded and may be slowed by cold attacks.


Message History

Unknown command.
You can't go up here!
Unknown command.
Casting: Beastly Appendage (safe; 10% risk of failure)
Confirm with . or Enter, or press ? or * to list all spells.
You grow a pair of large bovine horns.
Your feet morph into talons.
Your transformation is almost over.
Your horns disappear.
Your talons disappear.
There is a stone staircase leading up here.
Terence the Incautious comes into view.
He is wielding a +1 morningstar of protection.
Found a smoky green potion.
Terence shouts!
Terence says, "Don't bother to defend, it's senseless."
You hit Terence but do no damage.
Terence hits you with a +1 morningstar of protection!
You barely miss Terence. Terence barely misses you. x2
You hit Terence.
Terence is moderately wounded.
Terence closely misses you.
You hit Terence but do no damage.
Terence is moderately wounded.
Terence closely misses you.
Terence hits you with a +1 morningstar of protection.
You barely miss Terence.
Terence is moderately wounded.
Terence hits you with a +1 morningstar of protection.
* * * LOW HITPOINT WARNING * * *
You hit Terence but do no damage.
Terence is moderately wounded.
Terence screams, "I want your blood!" Terence barely misses you.
Terence hits you with a +1 morningstar of protection.
* * * LOW HITPOINT WARNING * * *
You hit Terence.
Terence is heavily wounded.
Terence barely misses you.
You hit Terence but do no damage.
Terence is heavily wounded.
Terence hits you with a +1 morningstar of protection.
You die...

#.#.#.#.# .........
.#.#.#.#.# ### ###
.......... ..###..
#.#.#.#.#.# #.....###
...........##.##....# #.
.#.#.#.#.#....##.#.##...
..........#.....@..>....
#.#.#.#.#.......@#.#..#
....................!.#
.#.#.#.#.##)....##.##.#
#..............###.#..#
....###........#.......
......#......<.........
##..#.#...^.....#....##
###..†.....###<.#...##
.......#.### #..#.###


You could see Terence.

Vanquished Creatures
  2 ball pythons
  3 endoplasms (D:1)
  2 giant cockroaches
  A goblin (D:1)
  2 hobgoblins (D:2)
  A kobold (D:2)
  2 quokkas
  2 frilled lizards (D:1)
15 creatures vanquished.

Notes
Turn   | Place    | Note
-------+----------+-------------------------------------------
     0 | D:1      | JohnSpartan the Draconian Transmuter began the quest for
                  | the Orb.
     0 | D:1      | Reached XP level 1. HP: 16/16 MP: 3/3
   274 | D:1      | Reached XP level 2. HP: 16/23 MP: 5/5
   676 | D:2      | Identified a scroll of acquirement
   676 | D:2      | Acquired the +0 double sword of Sloth {vorpal, rN+ Str+2}
   784 | D:2      | Noticed Terence
   797 | D:2      | Slain by Terence

Illustrated notes

Levels and vault maps discovered:
D:1:      heliophobic_arrival_ceremonial_halls, layout_basic,
          dreamdust_ecumenical_altar_drowned_temple, minmay_distorted
D:2:      layout_rooms, hex_medium, kennysheep_donut, uniq_terence, uniq_natasha

Skill      XL: |  1  2 |
---------------+-------+-----
Dodging        | 2 |  2.0
Fighting       | |  1.5
Unarmed Combat | |  3.2
Spellcasting   | |  2.2
Transmutations | |  2.2

Action                   || total
-------------------------++-------
Melee: Unarmed           ||    55
       Tailslap          ||     7
       Headbutt          ||     1
       Double sword      ||     9
 Cast: Beastly Appendage ||     7
  Use: Scroll            ||     3
Armor: Skin              ||    17
Dodge: Dodged            ||    39
